 Dungeon Crawl Stone Soup version 0.26.1-2-gb8aa6d0cf2 (webtiles) character file.

Game seed: 4629650134514521377

145598 Velaskes the Corrupter of Planes (level 16, -4/129 HPs)
             Began as a Demonspawn Abyssal Knight on Feb 22, 2021.
             Was the Champion of Lugonu.
             Killed from afar by a deep elf knight (37 damage)
             ... with a shard of ice
             ... on level 2 of the Elven Halls.
             The game lasted 01:59:24 (39374 turns).

Velaskes the Corrupter of Planes (DsAK)            Turns: 39374, Time: 01:59:25

Health: -4/129     AC: 32    Str: 20    XL:     16   Next: 87%
Magic:  27/27      EV: 11    Int: 14    God:    Lugonu [******]
Gold:   1570       SH: 11    Dex: 14    Spells: 15/15 levels left

rFire    + . .     SeeInvis +   S - +9 war axe (distort)
rCold    . . .     Faith    .   U - +0 tower shield
rNeg     + . .     Spirit   .   E - +6 plate armour {rF+}
rPois    +         Reflect  .   a - +1 helmet {SInv}
rElec    .         Harm     .   o - +2 cloak
rCorr    .         Rampage  +   x - +1 pair of gloves
Will     +++++     Clarity  +   b - +0 pair of boots {rampage}
Stlth    ..........             u - amulet of the Four Winds {rN+ Will+++ Clar}
HPRegen  0.31/turn              V - +4 ring of evasion
MPRegen  0.20/turn              m - ring of willpower

@: no status effects
A: claws 2, demonic guardian 2, poison resistance, spiny 2, strong 1, sharp
scales 1
a: Renounce Religion, Depart the Abyss, Bend Space, Banish, Corrupt, Enter the
Abyss


You were on level 2 of the Elven Halls.
You worshipped Lugonu.
Lugonu was exalted by your worship.
You visited 6 branches of the dungeon, and saw 27 of its levels.
You visited the Abyss 1 time.
You visited 1 bazaar.
You also visited: Gauntlet.

You collected 4525 gold pieces.
You spent 2955 gold pieces at shops.

Inventory:

Hand Weapons
 c - a +4 flail of protection
 w - a +1 glaive of venom
 G - the +1 war axe "Arraoruw" {elec, Stlth+}
   (You found it on level 5 of the Dungeon)

   Occasionally, upon striking a foe, it can discharge electrical energy and
   cause terrible harm.
   It makes you more stealthy.
 Q - a +0 short sword of venom
 S - a +9 war axe of distortion (weapon)
Armour
 a - a +1 helmet of see invisible (worn)
 b - a +0 pair of boots of rampaging (worn)
 o - a +2 cloak (worn)
 x - a +1 pair of gloves (worn)
 E - a +6 plate armour of fire resistance (worn)
 I - the +0 pair of boots of Lugonu's Envy {Int+5}
   (You bought it in a shop on level 2 of the Orcish Mines)

   It affects your intelligence (+5).
 M - +0 fire dragon scales
 U - a +0 tower shield (worn)
Jewellery
 f - an uncursed amulet of reflection
 k - the amulet of the Lobster {Reflect +Inv rPois Int+4 SH+5 Stlth+}
   (You found it in a Gauntlet)

   [amulet of reflection]

   It shields you and reflects attacks.
   It affects your intelligence (+4).
   It protects you from poison.
   It lets you turn invisible.
   It affects your SH (+5).
   It makes you more stealthy.
 m - a ring of willpower (right hand)
 u - the amulet of the Four Winds (around neck) {rN+ Will+++ Clar}
   (You took it off a minotaur in a Gauntlet)

   [amulet of nothing]

   It protects you from negative energy.
   It affects your willpower, your defense against some magical effects.
   It protects you against confusion.
 R - the amulet of Zeeciemy {Acrobat Str+2}
   (You found it on level 15 of the Dungeon)

   [amulet of the acrobat]

   It helps you evade while moving and waiting.
   It affects your strength (+2).
 V - a +4 ring of evasion (left hand)
Wands
 g - a wand of random effects (27)
 j - a wand of flame (72)
 q - a wand of iceblast (22)
 y - a wand of paralysis (15)
 D - a wand of acid (22)
 P - a wand of digging (11)
 X - a wand of polymorph (29)
 Y - a wand of disintegration (10)
Scrolls
 n - 7 scrolls of fear
 p - 11 scrolls of identify
 r - 19 scrolls of remove curse
 s - 3 scrolls of blinking
 C - 8 scrolls of teleportation
 F - 2 scrolls of fog
 H - 3 scrolls of magic mapping
 J - 7 scrolls of amnesia
 O - a scroll of silence {unknown}
 T - a scroll of enchant weapon
Potions
 d - 10 potions of curing
 e - a potion of lignification
 h - 2 potions of ambrosia
 i - 5 potions of flight
 l - 3 potions of brilliance
 t - a potion of berserk rage
 v - 2 potions of magic
 z - 3 potions of haste
 A - 3 potions of cancellation
 B - 3 potions of invisibility
 N - 3 potions of resistance
 Z - a potion of mutation
Miscellaneous
 K - a phial of floods
 L - a phantom mirror
 W - a condenser vane


   Skills:
 + Level 12.8 Fighting
 - Level 2.3 Long Blades
 * Level 14.1(15.2) Axes
 - Level 10.0(13.2) Maces & Flails
 + Level 11.6 Armour
 + Level 11.4 Dodging
 + Level 15.5 Invocations


You had 15 spell levels left.
You didn't know any spells.
Your spell library contained the following spells:

 Spells                   Type           Power        Failure   Level
 Animate Skeleton         Necr           0%           100%        1
 Apportation              Tloc           0%           100%        1
 Beastly Appendage        Tmut           0%           100%        1
 Corona                   Hex            0%           100%        1
 Foxfire                  Conj/Fire      0%           100%        1
 Freeze                   Ice            0%           100%        1
 Magic Dart               Conj           0%           100%        1
 Pain                     Necr           0%           100%        1
 Sting                    Tmut/Pois      0%           100%        1
 Summon Small Mammal      Summ           0%           100%        1
 Blink                    Tloc           N/A          100%        2
 Ensorcelled Hibernation  Hex/Ice        0%           100%        2
 Poisonous Vapours        Pois/Air       0%           100%        2
 Searing Ray              Conj           0%           100%        2
 Wereblood                Tmut           0%           100%        2
 Confusing Touch          Hex            0%           100%        3
 Conjure Flame            Conj/Fire      0%           100%        3
 Dazzling Flash           Conj/Hex       0%           100%        3
 Frozen Ramparts          Ice            0%           100%        3
 Gell's Gravitas          Tloc           0%           100%        3
 Ignite Poison            Fire/Tmut/Pois 0%           100%        3
 Inner Flame              Hex/Fire       0%           100%        3
 Lesser Beckoning         Tloc           0%           100%        3
 Mephitic Cloud           Conj/Pois/Air  0%           100%        3
 Ozocubu's Armour         Ice            0%           100%        3
 Spider Form              Tmut/Pois      0%           100%        3
 Teleport Other           Tloc           0%           100%        3
 Tukima's Dance           Hex            0%           100%        3
 Vampiric Draining        Necr           0%           100%        3
 Animate Dead             Necr           0%           100%        4
 Cause Fear               Hex            0%           100%        4
 Fulminant Prism          Conj/Hex       0%           100%        4
 Hailstorm                Conj/Ice       0%           100%        4
 Ice Form                 Ice/Tmut       0%           100%        4
 Iskenderun's Mystic Bla  Conj/Tloc      0%           100%        4
 Olgreb's Toxic Radiance  Pois           0%           100%        4
 Passage of Golubria      Tloc           N/A          100%        4
 Sticky Flame             Conj/Fire      0%           100%        4
 Summon Ice Beast         Ice/Summ       0%           100%        4
 Agony                    Necr           0%           100%        5
 Blade Hands              Tmut           0%           100%        5
 Bolt of Magma            Conj/Fire/Erth 0%           100%        5
 Fireball                 Conj/Fire      0%           100%        5
 Iskenderun's Battlesphe  Conj           0%           100%        5
 Silence                  Hex/Air        0%           100%        5
 Yara's Violent Unravell  Hex/Tmut       0%           100%        5
 Iron Shot                Conj/Erth      0%           100%        6
 Ozocubu's Refrigeration  Ice            0%           100%        6
 Starburst                Conj/Fire      0%           100%        6
 Statue Form              Tmut/Erth      0%           100%        6
 Orb of Destruction       Conj           0%           100%        7
 Spellforged Servitor     Conj/Summ      0%           100%        7
 Discord                  Hex            0%           100%        8
 Ignition                 Fire           0%           100%        8


Dungeon Overview and Level Annotations

Branches:
Dungeon (15/15)            Temple (0/1) D:7            Lair (6/6) D:8
  Swamp (1/4) Lair:3        Snake (0/4) Lair:3        Slime (0/5) Lair:6
    Orc (2/2) D:10            Elf (2/3) Orc:2        Vaults (0/5) D:14
 Depths (1/5) D:15        Gauntlet (visited)

Altars:
Cheibriados
Elyvilon
Gozag
Hepliaklqana
Kikubaaqudgha
Makhleb
Okawaru
Qazlal
Sif Muna
Trog
Uskayaw
Wu Jian
Xom
The Shining One
Beogh
Jiyva

Shops:
D:12 [   Orc:2 *((**?*=?   Elf:2 =}}

Annotations:
D:15 3 runed translucent doors, Kuralita's ghost, journeyman OpTm
Abyss:1 Jorgrun; Josephine; Kirke


Innate Abilities, Weirdness & Mutations

You have very sharp fingernails.
A demonic guardian rushes to your aid.
You are mostly covered in sharp spines.
You are partially covered in razor-sharp scales. (AC +1, Slay +1)
Your system is resistant to poisons. (rPois)
Your muscles are strong. (Str +2)


Message History

You closely miss the deep elf knight. You block the deep elf knight's attack.
You completely miss the deep elf knight.
The deep elf knight barely misses you.
The deep elf knight gestures at you while chanting.
The shard of ice hits you!
You slice the deep elf knight!!
The deep elf knight is heavily wounded.
The deep elf knight is struck by your spines.
The deep elf knight hits you with a +0 long sword.
You miss the deep elf knight.
The deep elf knight is almost dead.
The deep elf knight gestures at itself while chanting.
The deep elf knight flickers and vanishes for a moment.
The deep elf knight gestures at you while chanting.
The shard of ice hits you!
* * * LOW HITPOINT WARNING * * *
You feel better.
The deep elf knight casts a spell at you.
The shard of ice hits you!!!
You die...

.............##.#.#.....#.#.
..............#...#.....#.).
..........##.#.###)###.#.
.........###...#.....#...
ยง........###.#.'.....'.#.
.... ..........##...#...).#...
.... ...........#.#.#.....#.#.
.............e.##...##...##...
.........##..@###.#..#####..#.
.......## ##..###.............
#.....# ##..##.#.#.#.#.#.#.
.......#####....#.............
.......).##.....######...#####
.........))....## #...#
.........)(....# #)###
.............### #)#
############## #.#


You could see a deep elf knight (fast, invisible).

Vanquished Creatures
  Louise (D:15)
  An orc warlord (Orc:2)
  2 deep elf demonologists
  Azrael (D:12)
  A minotaur (Gauntlet)
  An ettin (Orc:1)
  A fire dragon (D:15)
  2 vault guards (D:14)
  2 boulder beetles
  A hydra (D:15)
  13 dancing weapons
  5 centaur warriors
  4 death yaks (Lair:6)
  2 two-headed ogres
  2 tengu warriors
  An orc high priest (Orc:2)
  11 deep elf knights
  The ghost of JazCRAWL the Tainter, a novice NaVM of Ashenzari (D:7)
  A goliath frog (Swamp:1)
  3 unseen horrors
  8 deep elf archers
  Pikel (D:4)
  12 orc sorcerers
  5 ugly things
  An orc knight (Orc:1)
  3 manticores
  46 deep elf magi
  An oklob plant (Lair:6)
  A wolf spider (D:15)
  3 elephants
  3 black mambas
  2 minotaur zombies (Gauntlet)
  9 cane toads
  3 yaktaurs
  5 komodo dragons
  An efreet (D:13)
  2 kobold demonologists (D:15)
  A tengu conjurer (D:15)
  2 rime drakes
  A hellwing (Gauntlet)
  5 trolls
  A tyrant leech (Lair:3)
  2 polar bears
  A hornet (Lair:3)
  A slime creature (D:13)
  7 blink frogs
  2 dream sheep (Lair:2)
  A meliai zombie (D:15)
  2 spriggans
  A shadow (D:14)
  Sigmund (D:3)
  4 air elementals
  5 wraiths
  38 yaks
  2 water elementals (Elf:1)
  A hog (Lair:5)
  A vampire (D:15)
  2 wyverns
  5 basilisks
  6 fire elementals
  4 wargs (Orc:2)
  A steam dragon (D:9)
  4 vampire mosquitoes (D:15)
  5 swamp worms
  2 acid dragons
  17 water moccasins
  A hell hound (D:12)
  25 orc warriors
  An ice beast (D:13)
  A black bear (D:9)
  An eye of draining (D:14)
  13 ogres
  2 sky beasts
  2 necrophages
  2 phantoms
  12 wolves
  11 centaurs
  3 big kobolds
  20 bullfrogs
  A wyvern zombie (D:15)
  An earth elemental (Elf:2)
  A water moccasin zombie (D:6)
  A wyvern skeleton (D:14)
  5 scorpions
  13 killer bees
  3 wights (D:11)
  2 crimson imps
  A bullfrog zombie (D:9)
  5 centaur zombies
  3 jellies
  20 orc priests
  7 centaur skeletons
  A bullfrog skeleton (D:8)
  5 hounds
  42 orc wizards
  3 iguanas
  8 worker ants
  Terence (D:2)
  Robin (D:3)
  A worker ant zombie (D:10)
  A gnoll (Orc:2)
  11 adders
  A shadow imp (Gauntlet)
  3 white imps
  3 ufetubi
  2 adder zombies
  2 oozes
  An adder skeleton (D:4)
  A worm (D:2)
  A dart slug (D:2)
  3 leopard geckos
  115 orcs
  2 bats
  A giant cockroach (D:7)
  13 goblins
  7 hobgoblins
  4 jackals
  5 quokkas
  A ball python (D:4)
  3 frilled lizards (D:2)
  A goblin skeleton (D:4)
  3 goblin zombies (D:4)
  A hobgoblin zombie (D:4)
  10 kobolds
  A leopard gecko skeleton (D:8)
  2 leopard gecko zombies
  2 orc skeletons (D:4)
  A quokka skeleton (D:4)
  A quokka zombie (D:6)
  5 rats
713 creatures vanquished.

Vanquished Creatures (collateral kills)
  Rupert (Lair:5)
  Gastronok (Lair:1)
  2 deep elf sorcerers (Elf:1)
  An ettin (D:14)
  A fire dragon (D:8)
  A deep elf high priest (Elf:1)
  2 hydras (Lair:3)
  A great orb of eyes (D:15)
  A boulder beetle (D:15)
  A vault guard (D:14)
  5 two-headed ogres
  A centaur warrior (D:12)
  4 catoblepae
  A dancing weapon (D:7)
  A tengu warrior (D:12)
  An ogre mage (D:15)
  4 death yaks (Lair:6)
  A deep elf knight (Elf:1)
  2 deep elf archers (Elf:1)
  A wizard (D:14)
  6 deep elf magi
  A cyclops (D:11)
  An orb spider (shapeshifter) (D:14)
  An orc sorcerer (Elf:1)
  3 ugly things
  2 manticores
  2 elephants
  A cane toad (Lair:6)
  A centaur skeleton (D:10)
  A gargoyle (Gauntlet)
  A black mamba (Lair:6)
  A kobold demonologist (D:14)
  A rime drake (Lair:2)
  3 yaktaurs (D:15)
  2 slime creatures (D:13)
  2 dream sheep (Lair:2)
  A shadow (D:15)
  A wyvern (Lair:3)
  A water elemental (Elf:1)
  2 wraiths
  3 hogs (Lair:5)
  12 yaks
  5 wargs
  3 fire elementals (D:12)
  2 nagas (Lair:3)
  2 orc warriors
  A sky beast (D:13)
  A centaur (D:15)
  3 lemures (D:4)
  2 bullfrogs
  2 killer bees (D:10)
  A scorpion (D:6)
  2 hounds
  An orc priest (D:8)
  A bullfrog skeleton (D:6)
  3 orc wizards
  An iguana (D:10)
  A worker ant (D:13)
  2 gnolls (Orc:2)
  14 orcs
  A kobold (D:15)
130 creatures vanquished.

Vanquished Creatures (others)
  A centaur zombie (D:12)
  33 fungi
  49 plants
83 creatures vanquished.

Grand Total: 926 creatures vanquished

Notes
Turn   | Place    | Note
-------+----------+-------------------------------------------
     0 | Abyss:1  | Velaskes the Demonspawn Abyssal Knight began the quest for
                  | the Orb.
     0 | Abyss:1  | Reached XP level 1. HP: 18/18 MP: 2/2
     8 | Abyss:1  | Found a corrupted altar of Lugonu.
    48 | Abyss:1  | Noticed a ynoxinul
    49 | D:1      | Escaped the Abyss
   438 | D:1      | Gained mutation: You are partially covered in razor-sharp
                  | scales. (AC +1, Slay +1) [demonic ancestry]
   438 | D:1      | Reached XP level 2. HP: 23/24 MP: 4/4
   590 | D:1      | Reached * piety under Lugonu
   591 | D:1      | Reached skill level 1 in Dodging
  1095 | D:2      | Found a hide-covered altar of Uskayaw.
  1200 | D:2      | Reached XP level 3. HP: 9/29 MP: 5/5
  1203 | D:2      | Reached skill level 3 in Invocations
  2430 | D:3      | Noticed Terence
  2472 | D:2      | Killed Terence
  2803 | D:3      | Gained mutation: You are partially covered in sharp spines.
                  | [demonic ancestry]
  2803 | D:3      | Reached XP level 4. HP: 27/36 MP: 6/6
  3129 | D:3      | Found a bloodstained altar of Trog.
  3146 | D:3      | Noticed Robin
  3162 | D:3      | Killed Robin
  3223 | D:3      | You fall into a shaft and drop 2 floors!
  3223 | D:5      | Entered Level 5 of the Dungeon
  3238 | D:4      | Reached skill level 1 in Maces & Flails
  3287 | D:4      | Reached XP level 5. HP: 30/42 MP: 7/7
  3891 | D:4      | Found a white marble altar of Elyvilon.
  3919 | D:4      | Found an iron altar of Okawaru.
  4145 | D:5      | Reached skill level 4 in Invocations
  4219 | D:4      | Gained mutation: A weak demonic guardian rushes to your
                  | aid. [demonic ancestry]
  4219 | D:4      | Reached XP level 6. HP: 21/48 MP: 9/9
  4311 | D:4      | Reached ** piety under Lugonu
  4640 | D:4      | You fall into a shaft and drop 3 floors!
  4926 | D:7      | Gained mutation: A demonic guardian rushes to your aid.
                  | [demonic ancestry]
  4926 | D:7      | Reached XP level 7. HP: 51/55 MP: 10/10
  5001 | D:7      | Found a runed translucent door.
  5002 | D:7      | Found a shimmering altar of Xom.
  5002 | D:7      | Noticed JazCRAWL's ghost (novice NaVM)
  5003 | D:7      | Noticed a +2 long sword of chaos
  5061 | D:7      | Found an opulent altar of Gozag.
  5536 | D:7      | Found a staircase to the Ecumenical Temple.
  5544 | D:7      | Reached skill level 5 in Invocations
  5933 | D:7      | Found a stormy altar of Qazlal.
  6564 | D:8      | Noticed a fire dragon
  6898 | D:6      | Reached XP level 8. HP: 55/61 MP: 12/12
  6899 | D:6      | Reached skill level 5 in Fighting
  6932 | D:6      | Reached skill level 6 in Invocations
  7283 | D:6      | Found a snail-covered altar of Cheibriados.
  7288 | D:6      | Reached *** piety under Lugonu
  7398 | D:6      | Found a hazy altar of Hepliaklqana.
  7410 | D:6      | Found a burning altar of Makhleb.
  7419 | D:6      | Reached skill level 5 in Maces & Flails
  7693 | D:5      | Found a shimmering altar of Xom.
  8134 | D:5      | You fall into a shaft and drop 2 floors!
  8203 | D:7      | Killed a +2 long sword of chaos
  8204 | D:7      | Reached skill level 5 in Armour
  8204 | D:7      | Reached skill level 7 in Invocations
  8204 | D:7      | Reached XP level 9. HP: 48/69 MP: 14/14
  8223 | D:7      | Killed JazCRAWL's ghost
  8857 | D:5      | Got a brightly glowing war axe
  8858 | D:5      | Identified the +1 war axe "Arraoruw" {elec, Stlth+} (You
                  | found it on level 5 of the Dungeon)
  9038 | D:4      | Found an ornate altar of the Wu Jian Council.
  9156 | D:4      | Noticed Pikel
  9175 | D:4      | Killed Pikel
  9176 | D:4      | Reached skill level 1 in Axes
  9176 | D:4      | Reached skill level 5 in Dodging
  9216 | D:4      | Found a glowing golden altar of the Shining One.
  9847 | D:3      | Found a burning altar of Makhleb.
  9933 | D:3      | Noticed Sigmund
  9940 | D:3      | Killed Sigmund
 10322 | D:8      | Reached skill level 8 in Invocations
 10456 | D:8      | Noticed a two-headed ogre
 10501 | D:8      | Killed a two-headed ogre
 10502 | D:8      | Reached XP level 10. HP: 77/77 MP: 16/16
 10586 | D:9      | Found an ancient bone altar of Kikubaaqudgha.
 10686 | D:9      | Reached **** piety under Lugonu
 11091 | D:10     | Entered Level 10 of the Dungeon
 11474 | D:10     | Killed an unseen horror
 11475 | D:10     | Reached skill level 9 in Invocations
 11582 | D:10     | Found a staircase to the Orcish Mines.
 11592 | D:10     | Reached skill level 5 in Axes
 12114 | D:8      | Found a staircase to the Lair.
 12123 | D:8      | Killed a fire dragon
 12124 | D:8      | Gained mutation: You have sharp fingernails. [demonic
                  | ancestry]
 12124 | D:8      | Reached XP level 11. HP: 66/85 MP: 16/18
 12179 | D:8      | Noticed a two-headed ogre
 12188 | D:8      | Killed a two-headed ogre
 12747 | D:8      | Found a shimmering blue altar of Sif Muna.
 13826 | D:11     | Reached ***** piety under Lugonu
 14529 | D:12     | Noticed Azrael
 14965 | D:12     | Reached skill level 10 in Invocations
 15001 | D:12     | Noticed a tengu warrior
 15001 | D:12     | Noticed a tengu warrior
 15020 | D:12     | Killed a tengu warrior
 15030 | D:12     | Killed a tengu warrior
 15112 | D:12     | Noticed a centaur warrior
 15321 | D:12     | Killed a centaur warrior
 15625 | D:12     | Found Fesulim's Antique Armour Boutique.
 15633 | D:12     | Bought a shiny plate armour for 676 gold pieces
 15715 | D:12     | Killed an unseen horror
 15993 | D:12     | Killed an unseen horror
 16037 | D:12     | HP: 3/130 [Azrael/fireball (15)]
 16040 | D:12     | Killed Azrael
 16055 | D:12     | Reached XP level 12. HP: 13/94 MP: 19/19
 16875 | D:13     | Noticed a two-headed ogre
 16918 | D:13     | Killed a two-headed ogre
 16999 | D:13     | Reached skill level 11 in Invocations
 17058 | D:13     | Noticed a tengu warrior
 17058 | D:13     | Noticed a centaur warrior
 17067 | D:13     | Killed a centaur warrior
 17077 | D:13     | Killed a tengu warrior
 17096 | D:13     | HP: 4/95 [white ugly thing (25)]
 17716 | D:13     | Noticed a two-headed ogre
 17719 | D:13     | Killed a two-headed ogre
 17743 | D:13     | Noticed a two-headed ogre
 17753 | D:13     | Killed a two-headed ogre
 17779 | D:13     | Found a burning altar of Makhleb.
 18341 | D:14     | Noticed a centaur warrior
 18349 | D:14     | Killed a centaur warrior
 18528 | D:14     | Noticed a vault guard
 18733 | D:15     | Entered Level 15 of the Dungeon
 18989 | D:15     | Noticed a great orb of eyes
 18989 | D:15     | Noticed a boulder beetle
 19012 | D:15     | Killed a great orb of eyes
 19026 | D:15     | Killed a boulder beetle
 19062 | D:15     | Got a scintillating copper amulet
 19080 | D:15     | Identified the amulet of Zeeciemy {Acrobat Str+2} (You
                  | found it on level 15 of the Dungeon)
 19131 | D:15     | Gained mutation: You are dopey. (Int -2) [a neqoxec]
 19143 | D:15     | Reached XP level 13. HP: 101/101 MP: 21/21
 19178 | D:15     | Noticed a fire dragon
 19197 | D:15     | Killed a fire dragon
 19336 | D:15     | Noticed an ettin
 19349 | D:15     | Reached ****** piety under Lugonu
 19774 | D:14     | Killed an ettin
 19879 | D:14     | Reached skill level 12 in Invocations
 20965 | D:15     | Reached skill level 10 in Fighting
 21555 | D:15     | Found a staircase to the Depths.
 21612 | D:15     | Noticed Louise
 21658 | D:15     | Killed Louise
 21659 | D:15     | Reached skill level 10 in Axes
 22042 | D:15     | Found a runed translucent gate.
 22042 | D:15     | Found a runed translucent gate.
 22043 | D:15     | Found a runed translucent gate.
 22045 | D:15     | Noticed Kuralita's ghost (journeyman OpTm)
 22080 | Depths:1 | Entered Level 1 of the Depths
 22098 | D:15     | Identified a +9 war axe of distortion (a +7 vorpal war axe
                  | corrupted by Lugonu)
 22098 | D:15     | Received a gift from Lugonu
 22804 | D:14     | Found a gate to the Vaults.
 23047 | Lair:1   | Entered Level 1 of the Lair of Beasts
 23210 | Lair:1   | Lost mutation: You are dopey. (Int -2) [potion of mutation]
 23210 | Lair:1   | Gained mutation: Your system is resistant to poisons.
                  | (rPois) [potion of mutation]
 23210 | Lair:1   | Gained mutation: Your muscles are strong. (Str +2) [potion
                  | of mutation]
 23295 | Lair:1   | Reached XP level 14. HP: 111/111 MP: 23/23
 23404 | Lair:1   | Noticed Gastronok
 23423 | Lair:1   | Killed Gastronok
 24735 | Lair:3   | Reached skill level 13 in Invocations
 24832 | Lair:3   | Found a staircase to the Snake Pit.
 25061 | Lair:3   | Found a staircase to the Swamp.
 26742 | Lair:5   | Found a gate leading to a gauntlet.
 26900 | Gauntlet | Entered a Gauntlet
 26900 | Gauntlet | Found a runed translucent door.
 26900 | Gauntlet | Found a transporter.
 26900 | Gauntlet | Found a runed translucent door.
 26900 | Gauntlet | Found a transporter.
 26907 | Gauntlet | Found a transporter.
 26923 | Gauntlet | Found a transporter.
 26923 | Gauntlet | Found a transporter.
 26943 | Gauntlet | Found a transporter.
 27025 | Gauntlet | Found the ring of the Tortoise {AC+8}
 27039 | Gauntlet | Found a transporter.
 27105 | Gauntlet | Found a transporter.
 27115 | Gauntlet | Found a transporter.
 27117 | Gauntlet | Found a transporter.
 27128 | Gauntlet | Found a transporter.
 27129 | Gauntlet | Noticed a reaper
 27228 | Gauntlet | Found a transporter.
 27231 | Gauntlet | Got a shimmering emerald amulet
 27239 | Gauntlet | Found a transporter.
 27257 | Gauntlet | Banished a reaper
 27453 | Gauntlet | Identified the amulet "Laachonoarr" {Acrobat Int+7} (You
                  | found it in a Gauntlet)
 27473 | Gauntlet | Identified the cursed +1 long sword of Greed {flame, rElec
                  | Dex+3}
 27717 | Gauntlet | Got a scorched ivory amulet
 28036 | Lair:5   | Noticed Rupert
 28048 | Lair:5   | Killed Rupert
 28049 | Lair:5   | Reached skill level 10 in Maces & Flails
 28176 | Lair:5   | Noticed Kirke
 28182 | Lair:5   | Banished Kirke
 28537 | Lair:6   | Entered Level 6 of the Lair of Beasts
 28585 | Lair:6   | Reached skill level 10 in Armour
 28619 | Lair:6   | Identified the amulet of the Lobster {Reflect +Inv rPois
                  | Int+4 SH+5 Stlth+} (You found it in a Gauntlet)
 28744 | Lair:6   | Gained mutation: You have very sharp fingernails. [demonic
                  | ancestry]
 28744 | Lair:6   | Reached XP level 15. HP: 109/119 MP: 25/25
 28806 | Lair:6   | Identified the Incunabulum of the Dusty Snowflakes
 29043 | Lair:6   | Found a viscous altar of Jiyva.
 29044 | Lair:6   | Found a staircase to the Slime Pits.
 29200 | Lair:6   | Reached skill level 10 in Dodging
 29317 | Lair:6   | Got a twisted spear
 30176 | Lair:6   | Reached skill level 14 in Invocations
 31190 | Swamp:1  | Entered Level 1 of the Swamp
 31222 | Swamp:1  | Noticed Josephine
 31232 | Swamp:1  | Banished Josephine
 31234 | Swamp:1  | Noticed Jorgrun
 31243 | Swamp:1  | Banished Jorgrun
 31713 | Orc:1    | Entered Level 1 of the Orcish Mines
 31795 | Orc:1    | Noticed an orc warlord
 32050 | D:10     | Banished an orc warlord
 32819 | Orc:2    | Entered Level 2 of the Orcish Mines
 33015 | Orc:2    | Found Biegh's Antique Weapon Shoppe.
 33017 | Orc:2    | Found Aklianid's General Store.
 33087 | Orc:2    | Found Daggyorch's Assorted Antiques.
 33097 | Orc:2    | Bought a pair of smoking boots for 256 gold pieces
 33107 | Orc:2    | Identified the cursed +0 pair of boots of Lugonu's Envy
                  | {Int+5} (You bought it in a shop on level 2 of the Orcish
                  | Mines)
 33136 | Orc:2    | Noticed an orc warlord
 33159 | Orc:2    | Killed an orc warlord
 35024 | Orc:2    | Found a roughly hewn altar of Beogh.
 35111 | Orc:2    | Found a staircase to the Elven Halls.
 35125 | Orc:2    | Found Ybywekiv's Magic Scroll Boutique.
 35133 | Orc:2    | Bought a scroll of acquirement for 780 gold pieces
 35133 | Orc:2    | Acquired 1227 gold pieces
 35257 | Orc:2    | Found Cuefufri's Jewellery Shoppe.
 35257 | Orc:2    | Found Xoppojur's Assorted Antiques.
 35464 | Orc:2    | Found Alomim's Magic Scroll Shoppe.
 35472 | Orc:2    | Bought a scroll of acquirement for 884 gold pieces
 35472 | Orc:2    | Bought a scroll of enchant armour for 127 gold pieces
 35495 | Orc:2    | Acquired 736 gold pieces
 35707 | Orc:2    | Found Ygiyqa's Assorted Antiques.
 35707 | Orc:2    | Found Fiuleth's Weapon Shop.
 35736 | Orc:2    | Bought a runed helmet for 232 gold pieces
 35813 | Elf:1    | Entered Level 1 of the Elven Halls
 35961 | Elf:1    | Gained mutation: You are mostly covered in sharp spines.
                  | [demonic ancestry]
 35961 | Elf:1    | Reached XP level 16. HP: 108/127 MP: 26/26
 36216 | Elf:1    | Found a flickering gateway to a bazaar.
 36221 | Bazaar   | Entered a bazaar
 36221 | Bazaar   | Found Zecofuan's Gadget Emporium.
 36221 | Bazaar   | Found Sili's Book Emporium.
 36222 | Bazaar   | Found Ciun's Antique Armour Shoppe.
 36222 | Bazaar   | Found Erchofoal's Armour Shoppe.
 37804 | Elf:1    | Reached skill level 15 in Invocations
 38561 | Elf:2    | Found Duzu's Gadget Shop.
 38567 | Elf:2    | Found Mishitt's Jewellery Shoppe.
 38568 | Elf:2    | Found Xerhaf's Gadget Shop.
 39014 | Elf:2    | Found a huge runed translucent gate.
 39014 | Elf:2    | Found a huge runed translucent gate.
 39030 | Elf:2    | Found a huge runed translucent gate.
 39030 | Elf:2    | Found a huge runed translucent gate.
 39030 | Elf:2    | Found a huge runed translucent gate.
 39374 | Elf:2    | Killed from afar by a deep elf knight

Illustrated notes

Levels and vault maps discovered:
D:1:      saegor_arrival_simple_b, layout_basic
D:2:      layout_basic, eat_drink_and_be_merry_uskayaw
D:3:      layout_basic, nicolae_overflow_crystal_walls, lemuel_crystal_altar,
          grunt_ministairs_13, minmay_statues_item, uniq_robin, uniq_sigmund,
          uniq_terence
D:4:      layout_loops_ring, general_overflow_altar, okawaru_metal_pillars_1_2,
          nzn_wu_jian_contemplation, nicolae_tso_besieged_by_evil, uniq_pikel
D:5:      layout_basic, basic_altar, minmay_fire_ice_demons
D:6:      layout_rooms, lemuel_doored_altar, overflow_temple_1_default,
          makhleb_heckhound_becter
D:7:      layout_basic, nicolae_gozag_cash_rules_everything_around_me,
          nicolae_qazlal_eye_of_the_storm, minmay_temple_entry_glass,
          ebering_ghost_xom, minivault_19
D:8:      layout_basic, lemuel_blue_sif_altar, minmay_lair_entry_lava
D:9:      layout_long_grid, kiku_gazebo_pond_becter
D:10:     layout_rooms, erik_orc_3
D:11:     layout_cave_pools, the_bakery
D:12:     layout_roguey, serial_shops, shop, minmay_microvault, uniq_azrael
D:13:     layout_roguey, grunt_decor_cap, lemuel_tele_altar
D:14:     layout_loops_corners, grunt_vaults_entry_fortified,
          chequers_decorated_corner
D:15:     hangedman_depths_entry_civil_slaughter, layout_rooms,
          gammafunk_ghost_necromancy, minmay_misc_feat_square,
          minmay_hollow_rounded_squares, uniq_louise
Lair:1:   layout_gridlike, uniq_gastronok
Lair:2:   layout_regular_city
Lair:3:   layout_misc_corridors, minmay_swamp_entry_worms,
          minmay_snake_entry_guardpost_small, chequers_serial_rivers_room_b
Lair:4:   layout_regular_city
Lair:5:   layout_cellular_growth, gauntlet_entry_generic, uniq_rupert,
          uniq_kirke
Lair:6:   evilmike_catoblepas_cave, layout_misc_corridors, slime_altar_1,
          infiniplex_staircase_pool_2
Swamp:1:  layout_basic_swamp, evilmike_swamp_ruin_rubble_1, uniq_jorgrun,
          uniq_josephine
Orc:1:    layout_diamond_mine, nicolae_orc_pool_cavern
Orc:2:    st_orc_town, layout_caves, serial_shops, shop_fountains,
          shop_fountains, shop, shop, shop
Elf:1:    kennysheep_ambush_hall, layout_geoelf_diagonals, serial_shops,
          bzr_entry_water, hangedman_elf_represent
Elf:2:    layout_geoelf_diagonals, minmay_shop_grove
Depths:1: layout_gridlike, mu_enter_wizlab_4, serial_aquarium,
          aquarium_bridge_square [aquarium_subvault_bridge,
          aquarium_subvault_wall, aquarium_subvault_bridge,
          aquarium_subvault_bridge], aquarium_bridge_straight
          [aquarium_subvault_bridge, aquarium_subvault_balcony,
          aquarium_subvault_bridge, aquarium_subvault_balcony],
          aquarium_window_1, aquarium_window_3, aquarium_view_2c,
          aquarium_view_2b, aquarium_balcony_3a, aquarium_pool_2, hell_entry,
          grunt_decor_resistance, minmay_fountain_box, minmay_holes,
          kennysheep_path_1, minmay_hedge_maze, minmay_liquid_box,
          lemuel_another_geyser, serial_bayou_shore_b

Skill      XL: |  1  2  3  4  5  6  7  8  9 10 11 12 13 14 15 16 |
---------------+-------------------------------------------------+-----
Long Blades    | 2 |  2.3
Dodging        | 1 2 3 4 5 6 7 8 9 10 11 | 11.4
Armour         | 2 3 5 6 7 8 9 10 11 | 11.6
Invocations    | 3 4 5 7 8 9 10 11 12 13 14 15 | 15.5
Maces & Flails | 1 2 3 4 5 6 7 8 9 10 | 10.0
Fighting       | 4 6 7 8 9 10 11 12 | 12.8
Axes           | 3 5 7 9 10 11 13 14 | 14.1

Action                   |  1- 3 |  4- 6 |  7- 9 | 10-12 | 13-15 | 16-18 || total
-------------------------+-------+-------+-------+-------+-------+-------++-------
Melee: Falchion          |   127 |       |       |       |       |       ||   127
       Flail             |     6 |    81 |   148 |       |       |       ||   235
       War axe           |       |       |    51 |   447 |   854 |   293 ||  1645
Invok: Depart the Abyss  |     1 |       |       |       |       |       ||     1
       Brand Weapon With |       |       |       |       |     1 |       ||     1
Evoke: Phantom mirror    |       |       |       |     1 |       |     1 ||     2
  Use: Potion            |     8 |       |       |     6 |     3 |     1 ||    18
       Scroll            |     5 |     1 |    11 |     9 |    15 |     3 ||    44
 Stab: Distracted        |       |     1 |       |     2 |     5 |     1 ||     9
       Sleeping          |       |       |       |     1 |       |       ||     1
Armor: Leather armour    |     3 |       |       |       |       |       ||     3
       Ring mail         |    45 |    32 |    67 |    68 |       |       ||   212
       Skin              |    14 |       |       |       |       |       ||    14
       Plate armour      |       |       |       |   290 |   466 |   114 ||   870
Dodge: Dodged            |    57 |    51 |   109 |   222 |   302 |    77 ||   818
Block: Tower shield      |       |       |       |       |   465 |   122 ||   587
       Reflection        |       |       |       |       |     6 |       ||     6
       Rpst.: Falchion   |    17 |       |       |       |       |       ||    17
